 Dungeon Crawl Stone Soup version 0.19.1-1-g22dce08 (webtiles) character file.

8977 Rrauwl the Covert (level 11, -2/63 HPs)
             Began as a Kobold Hunter on Jan 13, 2017.
             Was a High Priest of Nemelex Xobeh.
             Slain by a five-headed hydra (16 damage)
             ... on level 1 of the Lair of Beasts.
             The game lasted 01:37:29 (12169 turns).

Rrauwl the Covert (Kobold Hunter)                  Turns: 12169, Time: 01:37:31

Health: -2/63      AC:  8    Str: 17    XL:     11   Next: 65%
Magic:  17/17      EV: 19    Int: 12    God:    Nemelex Xobeh [*****.]
Gold:   239        SH: 10    Dex: 16    Spells: 1 memorised, 16 levels left

rFire  + . .     SeeInvis .     K - +2 short sword (drain)
rCold  + . .     Gourm    .     t - +2 robe {rN+}
rNeg   + . .     Faith    .     x - +2 shield of Resistance {rF+ rC+ MR+}
rPois  .         Spirit   .     (helmet restricted)
rElec  .         Reflect  .     s - +0 cloak
rCorr  +         Harm     .     m - +0 pair of gloves
MR     +....                    (no boots)
Stlth  ++++......               (no amulet)
                                E - ring of resist corrosion
                                v - +1 ring of evasion

@: no status effects
A: horns 1, thin metallic scales 1, carnivore 3, strong 2
a: Triple Draw, Deal Four, Stack Five, Renounce Religion


You were on level 1 of the Lair of Beasts.
You worshipped Nemelex Xobeh.
Nemelex Xobeh was extremely pleased with you.
You were very full.

You visited 2 branches of the dungeon, and saw 12 of its levels.
You also visited: Ossuary.

You collected 569 gold pieces.
You spent 330 gold pieces at shops.

Inventory:

Hand Weapons
 a - a +3 hand crossbow
 K - a +2 short sword of draining (weapon)
Missiles
 d - 21 bolts
Armour
 m - a +0 pair of gloves (worn)
 s - a +0 cloak (worn)
 t - a +2 robe of positive energy (worn)
 x - the +2 shield of Resistance (worn) {rF+ rC+ MR+}
   (You found it on level 11 of the Dungeon)

   It protects you from fire.
   It protects you from cold.
   It affects your resistance to hostile enchantments.
Rods
 w - a +0 rod of shadows (4/14)
   (You found it on level 5 of the Dungeon)
Jewellery
 v - a +1 ring of evasion (left hand)
 E - a ring of resist corrosion (right hand)
Wands
 b - a wand of disintegration (11/24)
 h - a wand of iceblast (8/15)
 u - a wand of digging (15/24)
Scrolls
 c - a scroll of fog
 l - 2 scrolls of remove curse
 o - 6 scrolls of identify
 B - a scroll of recharging
 C - a scroll of magic mapping
Potions
 k - 4 potions of flight
 p - 5 potions of curing
Comestibles
 f - 4 meat rations
 i - 2 royal jellies
 j - a slice of pizza
 P - 3 chunks of flesh


   Skills:
 + Level 5.0 Fighting
 + Level 8.8 Short Blades
 + Level 9.1 Crossbows
 - Level 1.3 Armour
 + Level 8.8 Dodging
 + Level 10.0 Stealth
 + Level 4.0 Spellcasting
 + Level 3.9 Transmutations
 + Level 3.9 Earth Magic
 + Level 7.9 Evocations


You had 16 spell levels left.
You knew the following spells:

 Your Spells              Type           Power        Failure   Level  Hunger
a - Passwall              Tmut/Erth      ##........   58%         2    ##.....


Dungeon Overview and Level Annotations

Branches:
Dungeon (11/15)            Temple (0/1) D:7            Lair (1/6) D:11
    Orc: D:9-12

Altars:
Ashenzari
Dithmenos
Elyvilon
Fedhas
Hepliaklqana
Kikubaaqudgha
Nemelex Xobeh
Ru
Sif Muna
Trog
Xom
Yredelemnul

Shops:
D:4 ?   D:9 !   D:11 *

Annotations:
D:11 1 runed door


Innate Abilities, Weirdness & Mutations

You are small and have problems with some larger weapons.
You are carnivorous and can eat meat at any time.
You have a pair of small horns on your head.
You are partially covered in thin metallic scales. (AC +2)
Your muscles are very strong. (Str +4)


Message History

Wield which item (- for none, * to show all)? (? for menu, Esc to quit)
You sense an unholy aura.
K - a +2 short sword of draining (weapon)
The five-headed hydra burns!
The five-headed hydra stops burning.
You puncture the five-headed hydra! You drain the five-headed hydra!
The five-headed hydra is severely wounded.
The five-headed hydra barely misses you. x2
The five-headed hydra bites you!
The five-headed hydra barely misses you.
The five-headed hydra bites you!
* * * LOW HITPOINT WARNING * * *
You feel better. The five-headed hydra bites you!
* * * LOW HITPOINT WARNING * * *
The five-headed hydra closely misses you.
The five-headed hydra barely misses you.
The five-headed hydra bites you.
* * * LOW HITPOINT WARNING * * *
The five-headed hydra bites you!
You die...
Your body disappears without a glow.

####+#.####### #.##.# ##.
#...## #.. ####.#.####..
####..### #.............
##.#..#.P# ##............
.........# ##............
.........#####.............
..........D@...#.[..........
#........D####.'............
..........## ##P.>..........
#........D.# ##.........(.
#.........## ###+#######
#.........# #.........#
#####..r### ###.#.#.##


You could see a five-headed hydra and a friendly mottled dragon.

Vanquished Creatures
  A fire dragon (D:11)
  An ice dragon (D:11)
  An ugly thing (D:11)
  A komodo dragon (D:11)
  An orc warrior (D:7)
  2 wraiths (D:10)
  A water moccasin (D:9)
  A black bear (D:9)
  2 ice beasts
  A sky beast (D:10)
  2 necrophages
  An ogre (D:8)
  4 centaurs
  2 crocodiles (Lair:1)
  3 big kobolds
  An elf zombie (Ossuary)
  6 bullfrogs
  2 scorpions
  A water moccasin skeleton (D:9)
  4 killer bees
  2 electric eels (D:6)
  3 howler monkeys (D:11)
  3 crimson imps
  A centaur skeleton (D:5)
  2 jellies
  2 orc priests
  3 hounds
  2 orc wizards (D:5)
  2 bullfrog skeletons
  2 iguanas
  5 worker ants
  A big kobold zombie (Ossuary)
  A worker ant zombie (D:8)
  9 adders
  A shadow imp (D:5)
  An adder skeleton (D:4)
  2 adder zombies
  5 worms
  3 dart slugs
  6 leopard geckos
  20 orcs
  5 bats
  3 giant cockroaches
  5 goblins
  5 hobgoblins
  23 jackals
  4 quokkas
  7 frilled lizards
  7 hobgoblin zombies (Ossuary)
  4 jackal zombies (Ossuary)
  16 kobolds
  8 kobold zombies (Ossuary)
  7 orc zombies (Ossuary)
  8 rats
216 creatures vanquished.

Vanquished Creatures (collateral kills)
  A fire dragon (D:11)
  Josephine (D:10)
  An ice dragon (D:11)
  A death knight (D:11)
  Sonja (D:10)
  A cyclops (D:10)
  A gargoyle (D:11)
  A merfolk (D:9)
  A troll (D:9)
  4 wraiths (D:10)
  A wyvern (D:8)
  Grum (D:11)
  A soldier ant (D:11)
  A phantom (D:8)
  2 ogres
  3 wolves (D:11)
  A centaur (D:8)
  An elf zombie (Ossuary)
  3 killer bees (D:8)
  An orc priest (D:7)
  A bullfrog skeleton (D:8)
  An orc wizard (D:7)
  A big kobold zombie (Ossuary)
  A hound zombie (D:8)
  2 mummies (Ossuary)
  3 gnolls (D:6)
  An adder (D:10)
  A leopard gecko (D:6)
  5 orcs
  2 goblin zombies (Ossuary)
  2 hobgoblin zombies (Ossuary)
  A kobold (D:10)
  A kobold zombie (Ossuary)
  An orc zombie (Ossuary)
51 creatures vanquished.

Vanquished Creatures (others)
  5 plants (D:11)
5 creatures vanquished.

Grand Total: 272 creatures vanquished

Notes
Turn   | Place    | Note
-------+----------+-------------------------------------------
     0 | D:1      | Rrauwl the Kobold Hunter began the quest for the Orb.
     0 | D:1      | Reached XP level 1. HP: 12/12 MP: 1/1
    29 | D:1      | Reached skill level 5 in Crossbows
   183 | D:1      | Reached XP level 2. HP: 17/17 MP: 2/2
   415 | D:1      | Found a shimmering altar of Xom.
   794 | D:1      | Reached XP level 3. HP: 21/21 MP: 3/3
  1087 | D:2      | Reached skill level 1 in Short Blades
  1224 | D:2      | Reached XP level 4. HP: 23/26 MP: 4/4
  2132 | D:3      | Reached skill level 2 in Stealth
  2142 | D:3      | Reached XP level 5. HP: 28/30 MP: 5/5
  2235 | D:3      | Found a blossoming altar of Fedhas.
  2347 | D:3      | Reached skill level 1 in Evocations
  2361 | D:3      | Reached skill level 1 in Armour
  2515 | D:3      | Found a sparkling altar of Nemelex Xobeh.
  2552 | D:3      | Found a hazy altar of Hepliaklqana.
  2556 | D:3      | Became a worshipper of Nemelex Xobeh the Trickster
  3140 | D:3      | Reached XP level 6. HP: 35/35 MP: 7/7
  3570 | D:3      | Reached skill level 3 in Stealth
  3609 | D:3      | Received a gift from Nemelex Xobeh
  3894 | D:4      | Found Eklotanym's Magic Scroll Emporium.
  3900 | D:4      | Bought a scroll of identify for 24 gold pieces
  3900 | D:4      | Bought a scroll of fear for 42 gold pieces
  3900 | D:4      | Bought a scroll of identify for 24 gold pieces
  4250 | D:5      | Entered Level 5 of the Dungeon
  4667 | D:5      | Reached skill level 4 in Stealth
  4667 | D:5      | Reached XP level 7. HP: 40/40 MP: 9/9
  4737 | D:5      | Reached * piety under Nemelex Xobeh
  5126 | D:5      | Identified a +0 rod of shadows (14/14) (You found it on level 5 of the Dungeon)
  5163 | D:5      | Reached skill level 5 in Dodging
  5163 | D:5      | Reached skill level 5 in Stealth
  5221 | D:5      | Reached XP level 8. HP: 27/44 MP: 9/11
  5484 | D:6      | Learned a level 2 spell: Passwall
  5610 | D:6      | Reached skill level 5 in Short Blades
  5702 | D:6      | Found a sand-covered staircase.
  5709 | Ossuary  | Entered an ossuary
  6059 | Ossuary  | Reached skill level 6 in Stealth
  6216 | D:6      | Reached skill level 5 in Evocations
  6428 | D:7      | Reached ** piety under Nemelex Xobeh
  6522 | D:7      | Reached XP level 9. HP: 48/48 MP: 12/12
  6527 | D:7      | Found a staircase to the Ecumenical Temple.
  7013 | D:7      | Reached skill level 7 in Stealth
  7219 | D:7      | Gained mutation: You have a pair of small horns on your head. [potion of mutation]
  7219 | D:7      | Gained mutation: Your muscles are strong. (Str +2) [potion of mutation]
  7219 | D:7      | Gained mutation: Your muscles are very strong. (Str +4) [potion of mutation]
  7339 | D:7      | Found a white marble altar of Elyvilon.
  7339 | D:7      | Found a faded altar of an unknown god.
  7344 | D:7      | Found a shadowy altar of Dithmenos.
  7346 | D:7      | Found a basalt altar of Yredelemnul.
  7348 | D:7      | Found a faded altar of an unknown god.
  7379 | D:8      | Received a gift from Nemelex Xobeh
  7459 | D:8      | Found a bloodstained altar of Trog.
  7461 | D:8      | Found a deep blue altar of Sif Muna.
  7462 | D:8      | Found a shattered altar of Ashenzari.
  7609 | D:8      | Received a gift from Nemelex Xobeh
  7663 | D:8      | Found an ancient bone altar of Kikubaaqudgha.
  8002 | D:9      | Reached skill level 1 in Spellcasting
  8140 | D:9      | Reached *** piety under Nemelex Xobeh
  8156 | D:9      | Found Xeneuhou's Distillery.
  8161 | D:9      | Bought 2 potions of invisibility for 240 gold pieces
  8174 | D:9      | Found a sacrificial altar of Ru.
  8250 | D:9      | Reached skill level 8 in Stealth
  8263 | D:9      | Reached skill level 1 in Earth Magic
  8263 | D:9      | Reached XP level 10. HP: 45/55 MP: 14/14
  8713 | D:9      | Reached skill level 1 in Transmutations
  8718 | D:9      | Got a fine hand axe
  8719 | D:9      | Identified the +0 hand axe "Tisen" {speed, Str+2 Int+3} (You found it on level 9 of the Dungeon)
  9197 | D:10     | Entered Level 10 of the Dungeon
  9294 | D:10     | Noticed Josephine
  9335 | D:10     | Killed Josephine
  9489 | D:10     | Reached **** piety under Nemelex Xobeh
  9516 | D:10     | Noticed Sonja
  9532 | D:10     | Killed Sonja
  9889 | D:10     | Reached skill level 9 in Stealth
  9976 | D:10     | Received a gift from Nemelex Xobeh
 10374 | D:10     | Noticed a cyclops
 10381 | D:10     | Killed a cyclops
 10697 | D:11     | Noticed a fire dragon
 10698 | D:11     | Found a runed door.
 10698 | D:11     | Noticed an ice dragon
 10700 | D:11     | Noticed a fire dragon
 10700 | D:11     | Noticed an ice dragon
 10721 | D:11     | Killed a fire dragon
 10721 | D:11     | Reached XP level 11. HP: 29/61 MP: 16/16
 10729 | D:11     | Found a runed door.
 10754 | D:11     | Killed a fire dragon
 10761 | D:11     | Killed an ice dragon
 10779 | D:11     | Killed an ice dragon
 11158 | D:11     | Noticed a death knight
 11176 | D:11     | Killed a death knight
 11391 | D:11     | Identified a +0 rod of shadows (12/12) (You found it on level 11 of the Dungeon)
 11409 | D:11     | Found Yteli's Assorted Antiques.
 11543 | D:11     | Noticed Grum
 11548 | D:11     | Noticed a soul eater
 11552 | D:11     | Killed Grum
 11553 | D:11     | Reached skill level 5 in Fighting
 11589 | D:11     | Noticed a white ugly thing
 11592 | D:11     | Killed a white ugly thing
 11597 | D:11     | Gained mutation: You are partially covered in thin metallic scales. (AC +2) [mutagenic meat]
 11721 | D:11     | Reached skill level 10 in Stealth
 11885 | D:11     | Found a staircase to the Lair.
 12075 | Lair:1   | Entered Level 1 of the Lair of Beasts
 12138 | Lair:1   | Reached ***** piety under Nemelex Xobeh
 12152 | Lair:1   | Noticed a five-headed hydra
 12169 | Lair:1   | Slain by a five-headed hydra

Skill      XL: |  1  2  3  4  5  6  7  8  9 10 11 |
---------------+----------------------------------+-----
Crossbows      | 5 6 7 8 9 |  9.1
Short Blades   | 1 2 3 4 5 7 8 |  8.8
Dodging        | 3 4 5 6 7 8 |  8.8
Stealth        | 2 4 5 6 8 9 10 | 10.0
Evocations     | 2 3 4 5 6 7 |  7.9
Armour         | 1 |  1.3
Spellcasting   | 1 3 4 |  4.0
Earth Magic    | 1 2 3 |  3.9
Transmutations | 3 |  3.9
Fighting       | 4 5 |  5.0

Action                   |  1- 3 |  4- 6 |  7- 9 | 10-12 || total
-------------------------+-------+-------+-------+-------++-------
Melee: Short sword       |       |   287 |   318 |   126 ||   731
       Dagger            |       |       |   117 |    99 ||   216
       Headbutt          |       |       |    26 |    40 ||    66
 Fire: Hand crossbow     |    57 |    68 |    90 |       ||   215
Evoke: Wand              |       |    11 |     4 |     3 ||    18
       Deck              |       |     1 |     7 |    21 ||    29
       Rod               |       |       |       |     4 ||     4
  Use: Potion            |     1 |     6 |     7 |     5 ||    19
       Scroll            |       |    12 |     8 |     2 ||    22
 Stab: Sleeping          |       |     2 |     7 |     8 ||    17
       Distracted        |       |     1 |       |     1 ||     2
       Invisible         |       |       |       |     1 ||     1
       Petrified         |       |       |       |     5 ||     5
  Eat: Chunk             |     9 |    10 |    13 |    14 ||    46
Armor: Leather armour    |     4 |    64 |    78 |     9 ||   155
       Robe              |       |       |       |    18 ||    18
       Troll leather arm |       |       |       |     4 ||     4
Dodge: Dodged            |    12 |   263 |   300 |   162 ||   737
Block: Shield            |       |       |       |    22 ||    22
